 Dungeon Crawl Stone Soup version 0.21.1-1-g345015f (webtiles) character file.

271 ChromeMolly the Skirmisher (level 6, -6/46 HPs)
             Began as an Octopode Wanderer on Feb 23, 2018.
             Mangled by an iguana (9 damage)
             ... on level 4 of the Dungeon.
             The game lasted 00:23:45 (3264 turns).

ChromeMolly the Skirmisher (Octopode Wanderer)      Turns: 3264, Time: 00:23:47

Health: -6/46      AC: -5    Str: 11    XL:     6   Next: 23%
Magic:  6/6        EV: 13    Int: 15    God:
Gold:   121        SH:  0    Dex: 13    Spells: 5/5 levels left

rFire    . . .     SeeInvis .   a - +4 dagger
rCold    + . .     Gourm    .   (no shield)
rNeg     . . .     Faith    .   (helmet restricted)
rPois    .         Spirit   .   (no amulet)
rElec    .         Reflect  .   i - -6 ring of protection (curse)
rCorr    .         Harm     .   k - ring of protection from cold
MR       .....                  (no ring)
Stlth    ++++......             (no ring)
HPRegen  0.15/turn              (no ring)
MPRegen  0.10/turn              (no ring)
                                (no ring)
                                (no ring)

@: lethally poisoned (-6 -> -17)
A: almost no armour, stealthy swim, amphibious, 8 rings, constrict 8, camouflage
1, gelatinous body 1
a: no special abilities


You were on level 4 of the Dungeon.
You were not hungry.

You visited 1 branch of the dungeon, and saw 4 of its levels.

You collected 121 gold pieces.

Inventory:

Hand Weapons
 a - a +4 dagger (weapon)
 m - a +2 dagger of holy wrath
 q - a cursed +3 short sword
Missiles
 h - 122 stones (quivered)
Jewellery
 e - an uncursed ring of fire
 i - a cursed -6 ring of protection (left tentacle)
 k - a ring of protection from cold (right tentacle)
Scrolls
 c - 5 scrolls of enchant armour
 g - a scroll of immolation
 l - a scroll of fear
 n - a scroll of blinking
 o - a scroll of magic mapping
Potions
 b - a potion of heal wounds
 d - 2 potions of curing {unknown}
 j - a potion of agility {unknown}
 p - a potion of magic {unknown}
Comestibles
 f - 4 rations
 r - 2 chunks of flesh


   Skills:
 + Level 5.8 Fighting
 + Level 3.0 Short Blades
   Level 1.0 Axes
 + Level 1.1 Throwing
 + Level 1.7 Dodging
 + Level 5.3 Stealth
   Level 1.0 Shields


You had 5 spell levels left.
You didn't know any spells.

Dungeon Overview and Level Annotations

Branches:
Dungeon (4/15)
 Temple: D:4-7

Altars:
The Shining One

Annotations:
D:3 Unforgiven's ghost, amateur DrFi


Innate Abilities, Weirdness & Mutations

You cannot wear most types of armour.
You are very stealthy in the water. (Stealth+)
You are amphibious.
You can wear up to eight rings at the same time.
You can use your tentacles to constrict eight enemies at once.
Your skin changes colour to match your surroundings (Stealth+).
Your rubbery body absorbs attacks. (AC +1, EV +1)


Message History

You hit the iguana. Your grab misses the iguana.
You squeeze the iguana, but do no damage.
The iguana is moderately wounded.
The worker ant bites you.
You are poisoned.
The worker ant poisons you!
The iguana hisses menacingly.
The iguana bites you!
A ball python skeleton comes into view.
You closely miss the iguana. Your grab misses the iguana.
The iguana is moderately wounded.
You feel sick. The worker ant bites you! The iguana bites you!
* * * LOW HITPOINT WARNING * * *
You feel sick. The worker ant bites you.
* * * LOW HITPOINT WARNING * * *
The worker ant bites you.
* * * LOW HITPOINT WARNING * * *
You are more poisoned.
The worker ant poisons you! The iguana bites you!
You die...

........#
#####.#.#...#
#...........
#.)........
#.........
.........###...
...>....a....(.
.......@####
.####Z#[l..# #.
#†......? ..
...##.... ##
.#... ...
....... .. ..
....## . ...
...## ... ....#


You could see an iguana, a worker ant and a ball python skeleton.

Vanquished Creatures
  3 wights
  An orc wizard (D:3)
  Robin (D:3)
  3 adders
  A worm (D:2)
  3 dart slugs
  2 leopard geckos
  6 orcs
  2 giant cockroaches
  14 goblins
  8 hobgoblins
  A quokka (D:2)
  A ball python (D:1)
  A bat (D:2)
  3 frilled lizards
  13 kobolds
  8 rats
71 creatures vanquished.

Vanquished Creatures (others)
  5 toadstools (D:1)
5 creatures vanquished.

Grand Total: 76 creatures vanquished

Notes
Turn   | Place    | Note
-------+----------+-------------------------------------------
     0 | D:1      | ChromeMolly the Octopode Wanderer began the quest for the Orb.
     0 | D:1      | ChromeMolly set off with: a +2 dagger, a potion of heal wounds, a +0 short sword, a +0 hand axe, a ration
     0 | D:1      | Reached XP level 1. HP: 18/18 MP: 1/1
   159 | D:1      | Reached XP level 2. HP: 24/24 MP: 2/2
   590 | D:1      | Reached XP level 3. HP: 27/29 MP: 3/3
  1393 | D:2      | Reached XP level 4. HP: 30/35 MP: 4/4
  1545 | D:3      | Noticed Unforgiven's ghost (amateur DrFi)
  1601 | D:3      | Noticed Robin
  2049 | D:3      | Killed Robin
  2438 | D:3      | Reached XP level 5. HP: 20/41 MP: 5/5
  2675 | D:3      | Reached skill level 1 in Throwing
  2675 | D:3      | Reached skill level 5 in Stealth
  2675 | D:3      | Reached XP level 6. HP: 46/46 MP: 6/6
  2697 | D:3      | Found a glowing golden altar of the Shining One.
  3264 | D:4      | Mangled by an iguana

Skill      XL: |  1  2  3  4  5  6 |
---------------+-------------------+-----
Stealth        | 2 3 4 5 |  5.3
Short Blades   | 2 3 |  3.0
Throwing       | 1 |  1.1
Fighting       | |  5.8
Axes           | |  1.0
Dodging        | |  1.7
Shields        | |  1.0

Action                   |  1- 3 |  4- 6 || total
-------------------------+-------+-------++-------
Melee: Dagger            |    59 |    81 ||   140
       Constrict         |    13 |    17 ||    30
       Tentacles         |    12 |    13 ||    25
Throw: Stone             |     6 |    13 ||    19
  Use: Scroll            |     7 |     2 ||     9
 Stab: Sleeping          |    10 |     6 ||    16
       Distracted        |       |     1 ||     1
  Eat: Chunk             |     1 |     4 ||     5
       Ration            |       |     1 ||     1
Armor: Skin              |     2 |       ||     2
Dodge: Dodged            |    20 |    25 ||    45
